 Dungeon Crawl Stone Soup version 0.30-a0-634-g8abc85282e (webtiles) character file.

Game seed: 11266295374083610788

47 bande the Trooper (level 3, 0/24 HPs)
             Began as a Gargoyle Fighter on Jan 14, 2023.
             Slain by Terence
             ... wielding a +0 flail
              (4 damage)
             ... on level 2 of the Dungeon.
             The game lasted 00:02:09 (1210 turns).

bande the Trooper (Gargoyle Fighter)                Turns: 1210, Time: 00:02:10

Health: 0/24       AC: 11    Str: 19    XL:     3   Next: 70%
Magic:  3/3        EV:  9    Int:  8    God:
Gold:   129        SH:  4    Dex: 11    Spells: 2/2 levels left

rFire   . . .      SeeInvis .    a - +0 war axe
rCold   . . .      Faith    .    c - +0 buckler
rNeg    + . .      Spirit   .    b - +0 scale mail
rPois   ∞          Reflect  .    (no helmet)
rElec   +          Harm     .    (no cloak)
rCorr   .          Rampage  .    (no gloves)
Will    .....                    e - +0 pair of boots Stlth
                                 (no amulet)
HPRegen 0.24/turn                (no ring)
MPRegen 0.08/turn                (no ring)

@: no status effects
A: sickness immunity, AC +3, negative energy resistance 1, electricity
resistance, torment resistance 1, petrification resistance
a: no special abilities


You were on level 2 of the Dungeon.
You visited 1 branch of the dungeon, and saw 2 of its levels.

You collected 129 gold pieces.

Inventory:

Hand Weapons
 a - a +0 war axe (weapon)
Armour
 b - a +0 scale mail (worn)
 c - a +0 buckler (worn)
 e - a +0 pair of boots (worn)
Jewellery
 k - a +6 ring of intelligence
Scrolls
 f - a scroll of summoning {unknown}
 g - a scroll of amnesia {unknown}
 h - a scroll of poison {unknown}
 i - a scroll of magic mapping {unknown}
 l - a scroll of identify {unknown}
 n - a scroll of teleportation {unknown}
Potions
 d - a potion of might
 j - a potion of curing {unknown}
 m - a potion of flight {unknown}


   Skills:
 + Level 3.7 Fighting
 + Level 2.8 Axes
 + Level 3.5 Armour
 + Level 3.5 Shields


You had 2 spell levels left.
You didn't know any spells.
Your spell library was empty.

Dungeon Overview and Level Annotations

Branches:
Dungeon (2/15)

Altars:

Annotations:
D:2 Terence


Innate Abilities, Weirdness & Mutations

You are immune to sickness and miasma.
Your stone body is resilient. (AC +3)
You are immune to poison.
You resist negative energy. (rN+)
You are resistant to electric shocks. (rElec)
You are resistant to unholy torment.
You are immune to petrification.


Message History

You touch Terence but do no damage.
Terence is moderately wounded.
Terence closely misses you.
You touch Terence but do no damage.
Terence is moderately wounded.
Your transformation is almost over.
Terence barely misses you.
You touch Terence.
Terence is moderately wounded.
Terence hits you with a +0 flail.
You touch Terence.
Terence is heavily wounded.
Terence hits you with a +0 flail!
* * * LOW HITPOINT WARNING * * *
You barely miss Terence.
Terence is heavily wounded.
Terence misses you.
You touch Terence but do no damage.
Terence is heavily wounded.
Terence hits you with a +0 flail.
* * * LOW HITPOINT WARNING * * *
You touch Terence but do no damage.
Terence is heavily wounded.
Terence barely misses you.
You touch Terence.
Terence is heavily wounded.
Terence misses you.
You touch Terence but do no damage.
Terence is heavily wounded.
Terence hits you but does no damage. Terence attacks as you move away!
Terence hits you but does no damage. Terence attacks as you move away!
Terence closely misses you.
You condense into your normal self.
Your +0 war axe unmelds from your body.
Your +0 pair of boots unmelds from your body.
Your +0 buckler unmelds from your body.
Your +0 scale mail unmelds from your body.
Terence attacks as you move away! You block Terence's attack.
Terence attacks as you move away! Terence hits you with a +0 flail.
You die...

###.# ### ###.#
##.## ....#
##.#.## ###.####
##.###.##
.......#######.##
##.##
...^##........##
##.#
.#.#...#######.#
##.## .##.##.#
#.###.#######
.##.##.#
#@#...†....#
.......#
##@#.##.##.#
###.#### ###.# #
.......# #.#
..#..#.##### #.#
.###........ #..
..#......##. ###
............
..##....###.


You could see Terence.

Vanquished Creatures
  3 dart slugs
  4 ball pythons
  3 bats
  6 endoplasms
  A giant cockroach (D:1)
  2 goblins
  8 hobgoblins
  5 frilled lizards
  3 kobolds
  2 rats (D:1)
37 creatures vanquished.

Vanquished Creatures (others)
  2 demonic plants (D:1)
  A plant (D:1)
  A withered plant (D:1)
4 creatures vanquished.

Grand Total: 41 creatures vanquished

Notes
Turn   | Place    | Note
-------+----------+-------------------------------------------
     0 | D:1      | bande the Gargoyle Fighter began the quest for the Orb.
     0 | D:1      | Reached XP level 1. HP: 14/14 MP: 1/1
    94 | D:1      | Found a faded altar of an unknown god.
   117 | D:1      | Reached XP level 2. HP: 19/19 MP: 2/2
   363 | D:1      | Reached XP level 3. HP: 24/24 MP: 3/3
  1174 | D:2      | Noticed Terence
  1210 | D:2      | Slain by Terence

Illustrated notes

Levels and vault maps discovered:
D:1:      psy_arrival_statuary, layout_basic, shapermc_ecumenical_altar_gd
D:2:      layout_loops_cross, uniq_terence

Skill      XL: |  1 |
---------------+----+-----
Axes           | 2 |  2.8
Fighting       | |  3.7
Armour         | |  3.5
Shields        | |  3.5

Action                   || total
-------------------------++-------
Melee: War axe           ||    87
       Unarmed           ||    23
Armor: Scale mail        ||    43
       Skin              ||     3
Dodge: Dodged            ||    65
Block: Buckler           ||    20

Table legend: (Time is in decaauts)
 A = Elapsed time spent in this place.
 B = Non-inter-level travel time spent in this place.
 C = Inter-level travel time spent in this place.
 D = Time resting spent in this place.
 E = Time spent auto-exploring this place.
 F = Levels seen in this place.
 G = Mean time per level.
                   A        B        C        D        E       F      G
               +--------+--------+--------+--------+--------+-----+--------+
         Total |   1244 |   1217 |     27 |      0 |    889 |   2 |  622.0 |
       Dungeon |   1244 |   1217 |     27 |      0 |    889 |   2 |  622.0 |
               +--------+--------+--------+--------+--------+-----+--------+

Top non-repeatable levels by time:
     D:1: 773 daAuts
     D:2: 471 daAuts
